 Dungeon Crawl Stone Soup version 0.23-a0-577-g2b1de94 (console) character file.

205 Duffy the Firebug (level 5, 42/42 HPs)
             Began as a Naga Fire Elementalist on Dec 15, 2018.
             Was a Believer of Vehumet.
             Quit the game on level 4 of the Dungeon.
             The game lasted 00:05:38 (3807 turns).

Duffy the Firebug (Naga Fire Elementalist)          Turns: 3807, Time: 00:05:39

Health: 42/42      AC:  3    Str: 15    XL:     5   Next: 83%
Magic:  9/9        EV: 10    Int: 17    God:    Vehumet [**....]
Gold:   194        SH:  0    Dex: 11    Spells: 3/10 levels left

rFire    . . .     SeeInvis +   a - +1 short sword (venom)
rCold    . . .     Gourm    .   (no shield)
rNeg     . . .     Faith    .   b - +0 robe
rPois    +         Spirit   .   (no helmet)
rElec    .         Reflect  .   e - +0 cloak
rCorr    .         Harm     .   (no gloves)
MR       .....                  (no barding)
Stlth    ++........             (no amulet)
HPRegen  0.14/turn              m - +5 ring of strength
MPRegen  0.11/turn              o - ring of wizardry

@: very slightly contaminated, very slow
A: large, see invisible, deformed body, poison resistance, slowness 2, slow
metabolism 1, spit poison 1, AC +1
a: Spit Poison, Renounce Religion


You were on level 4 of the Dungeon.
You worshipped Vehumet.
Vehumet was pleased with you.
You were not hungry.

You visited 1 branch of the dungeon, and saw 4 of its levels.

You collected 194 gold pieces.

Inventory:

Hand Weapons
 a - a +1 short sword of venom (weapon)
Armour
 b - a +0 robe (worn)
 e - a +0 cloak (worn)
 l - a +2 shield
Jewellery
 m - a +5 ring of strength (left hand)
 o - a ring of wizardry (right hand)
Scrolls
 j - 2 scrolls of remove curse
 k - 3 scrolls of magic mapping
Potions
 d - a potion of heal wounds
 g - 2 potions of brilliance {unknown}
 h - a potion of magic
 i - a potion of agility {unknown}
Comestibles
 c - 8 rations
 f - a chunk of flesh


   Skills:
 - Level 1.5 Dodging
 - Level 3.0 Stealth
 + Level 3.1 Spellcasting
 + Level 4.0 Conjurations
 + Level 4.0 Fire Magic


You had 3 spell levels left.
You knew the following spells:

 Your Spells              Type           Power        Failure   Level  Hunger
h - Flame Tongue          Conj/Fire      ###..        1%          1    None
j - Inner Flame           Hex/Fire       #.......     9%          3    ###....
l - Conjure Flame         Conj/Fire      ###.....     4%          3    ###....

Your spell library contained the following spells:

 Spells                   Type           Power        Failure   Level  Hunger
 Searing Ray              Conj           ###...       1%          2    ##.....
 Throw Flame              Conj/Fire      ###...       1%          2    ##.....
 Sticky Flame             Conj/Fire      ###.....     13%         4    ####...
 Fireball                 Conj/Fire      ###.......   34%         5    ######.


Dungeon Overview and Level Annotations

Branches:
Dungeon (4/15)
 Temple: D:4-7

Altars:
Cheibriados
Hepliaklqana
Okawaru
Vehumet
Wu Jian

Annotations:
D:2 exclusions: gnoll, goblin and 1 more exclusion


Innate Abilities, Weirdness & Mutations

You cannot wear boots.
Your serpentine skin is tough. (AC +1)
You have supernaturally acute eyesight. (SInv)
Armour fits poorly on your strangely shaped body.
Your system is resistant to poisons. (rPois)
You cover ground very slowly.
You have a slow metabolism.
You can spit poison.


Message History

You have got your breath back.
Eating one of 2 chunks of flesh.
You eat one of the 2 chunks of flesh.
This raw flesh tastes terrible.
The kobold is too close now for your liking.
You hit the kobold but do no damage. The kobold closely misses you.
You puncture the kobold!
You kill the kobold!
Vehumet accepts your kill.
Vehumet offers you knowledge of Searing Ray.
You see here a +0 dagger.
You start resting.
Magic restored.
Okay, then.
Okay, then.
Blink to where?
Press: ? - help, Dir - move target cursor You are very lightly contaminated with residual magic.
As you read the scroll labeled FEAFAW NEMY, it crumbles to dust.
It was a scroll of blinking.
Are you sure you want to abandon this character and quit the game? (Confirm

######
######)....##
#.....)))....
#...).#####
#####)#####~~~###
#.....@.~~~~~~~~##
#######.#~~~~~~~~~
#....~~~#
#.##.####
#.##.##########
#.##.##........
#.....%..>.....
####.##.###.###
#.##.###.#


There were no monsters in sight!

Vanquished Creatures
  Natasha (thrice) (D:3)
  4 adders
  A worm (D:2)
  A dart slug (D:1)
  6 leopard geckos
  3 orcs (D:3)
  3 giant cockroaches
  13 goblins
  12 hobgoblins
  A jackal (D:2)
  A quokka (D:3)
  7 bats
  3 frilled lizards
  11 kobolds
  11 rats
80 creatures vanquished.

Notes
Turn   | Place    | Note
-------+----------+-------------------------------------------
     0 | D:1      | Duffy the Naga Fire Elementalist began the quest for the
                  | Orb.
     0 | D:1      | Reached XP level 1. HP: 15/15 MP: 3/3
   323 | D:2      | Found a snail-covered altar of Cheibriados.
   327 | D:2      | Reached XP level 2. HP: 22/22 MP: 0/5
   599 | D:2      | Found a radiant altar of Vehumet.
   599 | D:2      | Found an ornate altar of the Wu Jian Council.
   605 | D:2      | Became a worshipper of Vehumet
   939 | D:1      | Reached XP level 3. HP: 28/28 MP: 6/6
   944 | D:1      | Learned a level 3 spell: Conjure Flame
  2064 | D:1      | Reached * piety under Vehumet
  2064 | D:1      | Offered knowledge of Sting by Vehumet.
  2154 | D:2      | Reached XP level 4. HP: 30/36 MP: 2/7
  2504 | D:2      | Found a hazy altar of Hepliaklqana.
  2995 | D:3      | Noticed Natasha
  3001 | D:3      | Killed Natasha
  3001 | D:3      | Reached XP level 5. HP: 42/42 MP: 5/9
  3006 | D:3      | Learned a level 3 spell: Inner Flame
  3044 | D:3      | Noticed Natasha
  3052 | D:3      | Killed Natasha
  3305 | D:3      | Noticed Natasha
  3312 | D:3      | Killed Natasha
  3468 | D:3      | Found an iron altar of Okawaru.
  3796 | D:4      | Reached ** piety under Vehumet
  3796 | D:4      | Offered knowledge of Searing Ray by Vehumet.
  3807 | D:4      | Quit the game

Vault maps used:
D:1:      dpeg_arrival_erosion, minmay_three_crescents
D:2:      cheibriados_altar_1, overflow_temple_1_default,
          gammafunk_temple_overflow_wave
D:3:      okawaru_metal_pillars_1_2, uniq_natasha
D:4:      cheibrodos_thug_alley, kennysheep_little_box, first_ration,
          glass_columns_a

Skill      XL: |  1  2  3  4  5 |
---------------+----------------+-----
Conjurations   | 2 3 4 |  4.0
Spellcasting   | 3 |  3.1
Fire Magic     | 4 |  4.0
Dodging        | |  1.5
Stealth        | |  3.0

Action                   |  1- 3 |  4- 6 || total
-------------------------+-------+-------++-------
Melee: Short sword       |    66 |    43 ||   109
 Cast: Flame Tongue      |    35 |    30 ||    65
 Abil: Spit Poison       |    11 |    10 ||    21
  Use: Scroll            |     4 |     4 ||     8
 Stab: Sleeping          |     5 |     5 ||    10
  Eat: Chunk             |     4 |     5 ||     9
Armor: Robe              |    22 |    17 ||    39
Dodge: Dodged            |    53 |    27 ||    80

Table legend:
 A = Non-vault XP
 B = Vault XP
 C = Vault XP percentage of total XP
 D = Non-vault monster count
 E = Vault monster count
 F = Vault count percentage of total count
                 A         B        C        D         E       F
            +---------+---------+-------+---------+---------+-------
      Total |     240 |      53 |  18.1 |      67 |      13 |  16.2
            +---------+---------+-------+---------+---------+-------
        D:1 |      53 |       9 |  14.5 |      31 |       6 |  16.2
        D:2 |      58 |       0 |   0.0 |      16 |       0 |   0.0
        D:3 |     128 |      36 |  22.0 |      19 |       1 |   5.0
        D:4 |       1 |       8 |  88.9 |       1 |       6 |  85.7
            +---------+---------+-------+---------+---------+-------
